aliz, chaotic female human Monk ----- --.|.-- ---- |.....| ---..| -...--- --- |....------...-----. -- - |........%..................| |-.....------...---.---- -- |......-- ---.--|.| |..---..--- |...|.|----- --- |....-- --%.|.|-..<| --- .- |.....| |..^.|....-- .........--- -- ---- --.....| --..........---- .--- .......................-- --- |..----......| |..............................................| --..----...|.......-| --.........G........-- ...........-- --.................(.| ---........@ZG.......| -- -- -....................---..---..........|...-- |............*....--...(..-- ---.|.|...--- .| -----.--..--......||*.....| -----..-- | -- ------.|.------..--- --- ----- ---- aliz the Novice Experience level: 3 Strength: 15 Dexterity: 13 Constitution: 13 Intelligence: 10 Wisdom: 15 Charisma: 9 Health: 0(27) Energy: 17(17) Def: 7 Gold: 163 Moves: 965 Dungeon seed: 6hcYEFNDdscqenPr Game ID: aliz_1559031947 Your Inventory: Coins $ - 163 gold pieces Weapons v - 4 cursed -2 darts Armor e - an uncursed +2 pair of leather gloves (being worn) n - an uncursed +1 robe (being worn) z - an uncursed +0 leather jacket (being worn) Comestibles d - 6 uncursed food rations f - 5 uncursed apples g - 6 uncursed oranges h - 3 uncursed fortune cookies Scrolls b - an uncursed scroll of destroy armor i - a cursed scroll of identify s - a blessed scroll of light Spellbooks a - a blessed spellbook of healing q - an uncursed spellbook of force bolt t - an uncursed spellbook of healing Potions c - 3 uncursed potions of healing u - an uncursed potion of object detection Wands k - a wand of striking (0:8) Tools m - an uncursed credit card Gems r - an uncursed jasper stone y - an uncursed worthless piece of violet glass Spells and supernatural/magical abilities: Name Level Category Fail Memory h - healing 1 healing 0% 96% W - pray for help -- divine ? -- Your skills at the end: Fighting Skills martial arts [Basic] Weapon Skills Spellcasting Skills healing spells [Basic] Final Attributes: You were piously aligned. You were sleep resistant. You were poison resistant. You saw invisible. You were fast. You are dead. Vanquished creatures: 2 gnome lords a large kobold a giant rat 2 gnomes a fox a goblin 2 lichens a kobold zombie 5 newts 16 creatures vanquished. Voluntary challenges: You followed a strict vegan diet. You were an atheist. You never hit with a wielded weapon. You were illiterate. You never genocided any monsters. You never polymorphed an object. You never changed form. You used no wishes. You never split a pudding. You never wrote Elbereth's name. You never violated your personal moral code. Dungeon overview: The Dungeons of Doom: levels 1 to 3 Level 1 a long staircase Level 2 a fountain Level 3 a fountain stairs to The Gnomish Mines The Gnomish Mines: Level 4 <- You were here stairs to The Dungeons of Doom History has recorded: On T:1 you entered the Dungeons of Doom to retrieve the Amulet of Yendor! On T:250 you reached level 2 of The Dungeons of Doom. On T:428 you reached level 3 of The Dungeons of Doom. On T:541 you advanced to experience level 2. On T:873 you reached level 1 of The Gnomish Mines. On T:879 you advanced to experience level 3. Score breakdown: Gold: 163 ( 7534 points) Experience: 3 levels ( 7878 points) Exploration: 4 levels ( 8.33%) ( 7579 points) Discoveries: 0 items ( 0.00%) ( 0 points) Valuables value: (no points given unless you survive) Artifact value: 0 ( 0 points) Variety of kills: 9 monsters ( 2.36%) ( 4610 points) Turncount: 965 turns ( 0 points) Survival: died (score multiplied by 80%) Total score: 22080 Latest messages: Suddenly, the gnome disappears out of sight. The gnome hits! Your armor is rather cumbersome... You miss the dwarf zombie. Suddenly, the gnome disappears out of sight. Your armor is rather cumbersome... You miss the dwarf zombie. Your armor is rather cumbersome... You miss the dwarf zombie. The dwarf zombie hits! The gnome hits! Your armor is rather cumbersome... You miss the dwarf zombie. Your armor is rather cumbersome... You miss the dwarf zombie. Your armor is rather cumbersome... You miss the dwarf zombie. The dwarf zombie hits! The gnome hits! Your armor is rather cumbersome... You miss the dwarf zombie. Your armor is rather cumbersome... You miss the dwarf zombie. The dwarf zombie hits! You die... Final status: Goodbye aliz the Monk, killed by a dwarf zombie... You died in The Gnomish Mines on dungeon level 4 with 22080 points, and 163 pieces of gold, after 965 moves. You were level 3 with a maximum of 27 hit points when you died.